 Dungeon Crawl Stone Soup version 0.31-a0-700-gf13585253f (webtiles) character file.

Game seed: 6497200394875716093

2681 Aneyh the Fighter (level 9, -1/54 HPs)
             Began as a Tengu Monk on Sept 8, 2023.
             Was a Priest of Hepliaklqana.
             Asphyxiated
             ... on level 8 of the Dungeon.
             The game lasted 00:19:22 (5563 turns).

Aneyh the Fighter (Tengu Monk)                      Turns: 5563, Time: 00:19:24

Health: -1/54      AC:  8    Str: 19 (21) XL:     9   Next: 64%
Magic:  0/10       EV: 16    Int:  8 (10) God:    Hepliaklqana [***...]
Gold:   315        SH:  0    Dex: 21 (23) Spells: 8/8 levels left

rFire   . . .        b - +6 long sword of the Living Dead {heavy, Str+5}
rCold   . . .        (no shield)
rNeg    . . .        C - +1 scale mail {Will+}
rPois   .            (helmet restricted)
rElec   .            (no cloak)
rCorr   .            (no gloves)
SInv    .            (boots unavailable)
Will    +....        p - amulet of guardian spirit Stlth
                     e - +4 ring of slaying
HPRegen 0.29/turn    F - +6 ring of dexterity
MPRegen 0.12/turn

%: acrobat, guardian spirit
@: lethally poisoned (-1 -> -43), flying
A: reduced essence, beak, talons 3, evasive flight, acrobatic
a: Renounce Religion, Recall Ancestor, Ancestor Identity, Transference


You were on level 8 of the Dungeon.
You worshipped Hepliaklqana.
Hepliaklqana was most pleased with you.
You visited 2 branches of the dungeon, and saw 9 of its levels.

You collected 315 gold pieces.

Inventory:

Hand Weapons
 a - a +0 halberd
 b - the +6 long sword of the Living Dead (weapon) {heavy, Str+5}
   (You took it off an orc wizard on level 5 of the Dungeon)

   Str+5:     It affects your strength (+5).
 u - a +0 scimitar
 v - a +0 spear
 x - a +2 dagger of venom
 B - a +4 morningstar
 H - a +2 dagger of electrocution
 K - a +0 battleaxe
Missiles
 i - 26 poisoned darts
 L - 3 boomerangs
Armour
 d - an orb of light
 h - a +0 ring mail
 C - a +1 scale mail of willpower (worn)
Jewellery
 e - a +4 ring of slaying (left hand)
 l - an amulet of reflection
 m - an amulet of magic regeneration
 p - an amulet of guardian spirit (around neck)
 y - a +6 ring of intelligence
 F - a +6 ring of dexterity (right hand)
 G - an amulet of faith
Talismans
 w - a flux talisman
Wands
 A - a wand of charming (12)
Scrolls
 f - 6 scrolls of teleportation
 g - a scroll of butterflies {unknown}
 k - 3 scrolls of enchant weapon
 n - 3 scrolls of enchant armour {unknown}
 r - a scroll of revelation {unknown}
 E - 2 scrolls of immolation {unknown}
 J - a scroll of fog {unknown}
Potions
 c - a potion of attraction {unknown}
 j - a potion of magic {unknown}
 o - a potion of invisibility {unknown}
 q - 7 potions of heal wounds
 s - 3 potions of curing
 t - 3 potions of mutation {unknown}
 z - a potion of brilliance {unknown}
 D - 3 potions of berserk rage {unknown}
 I - a potion of resistance {unknown}


   Skills:
 + Level 9.2 Fighting
 * Level 5.8 Long Blades
 - Level 7.0 Polearms
 + Level 5.0 Armour
 + Level 4.2 Dodging


You had 8 spell levels left.
You didn't know any spells.
Your spell library contained the following spells:

 Spells                   Type           Power      Damage    Failure   Level
 Wereblood                Tmut           0%         N/A       88%         2
 Manifold Assault         Tloc           0%         N/A       100%        4
 Irradiate                Conj/Tmut      0%         3d11      100%        5
 Dispersal                Tloc           0%         N/A       100%        6
 Disjunction              Tloc           0%         N/A       100%        8


Dungeon Overview and Level Annotations

Branches:
Dungeon (8/15)             Temple (1/1) D:5
   Lair: D:8-11

Altars:
Ashenzari
Cheibriados
Dithmenos
Fedhas
Gozag
Hepliaklqana
Kikubaaqudgha
Okawaru
Ru
Sif Muna
Trog
Uskayaw
Vehumet
Wu Jian
Yredelemnul
Zin
The Shining One

Annotations:
D:8 Amaemon
Temple 2 transporters


Innate Abilities, Weirdness & Mutations

Your life essence is reduced to manifest your ancestor. (-10% HP)
You have a beak for a mouth.
You have claws for feet.
Your magical flight helps you evade attacks. (EV +4)
You can magically evade attacks while moving or waiting.


Message History

The bullfrog closely misses you. The bullfrog barely misses you.
Arsinoe hits the bullfrog with a +0 flail!
The bullfrog dies!
Your Armour skill increases to level 5!
No target in view!
HP restored.
Found 2 stones.
Amaemon the Diabolical Poisoner comes into view.
He is wielding a +0 demon whip of venom.
You see here 2 stones.
You swap places.
An orange demon comes into view.
The orange demon screeches!
You hear a shout! x2
Amaemon gestures at the orange demon while chanting.
The orange demon seems to grow toxic.
Amaemon hits you with a +0 demon whip of venom!
You are poisoned.
Amaemon completely misses you. x2
You slice Amaemon!! Your kick misses Amaemon.
Amaemon is moderately wounded.
You feel extremely sick. The orange demon misses you.
Amaemon hits you with a +0 demon whip of venom!
You are lethally poisoned!
Amaemon misses you.
Amaemon tail-slaps you but does no damage.
Amaemon misses you. Amaemon claws you. Amaemon closely misses you.
The orange demon closely misses you.
Arsinoe hits Amaemon with a +0 flail!
You closely miss Amaemon. Your kick misses Amaemon. Your peck misses Amaemon.
Amaemon is moderately wounded.
* * * LOW HITPOINT WARNING * * *
You feel extremely sick. The orange demon stings you from afar.
* * * LOW HITPOINT WARNING * * *
Amaemon closely misses you. Amaemon completely misses you. Amaemon misses you.
Arsinoe hits Amaemon with a +0 flail!
Amaemon barely misses you.
Amaemon completely misses you. x2; The orange demon stings you from afar!
* * * LOW HITPOINT WARNING * * *
You are more poisoned.
You have difficulty breathing.
You die...

....... ....... ..
##....... ... .........
#.# #........
#.#..#####4.......
#.##.....#R....... ####
#.######..@6...... #....
#.#.....(.........
#....##†..#####.##.....#
#.........###...# #...##
#....#).........# #..#
#....).)........# ..#
#.....).........# ...
######.)........## ..
#............


You could see the friendly Arsinoe the knight, Amaemon (ally target) and an
orange demon (curare).

Vanquished Creatures
  Grinder (D:5)
  A steam dragon (D:7)
  2 water moccasins
  A sky beast (D:6)
  An orc warrior (D:6)
  2 ogres
  A kobold brigand (D:7)
  A phantom (D:5)
  3 bullfrogs
  A scorpion (D:6)
  8 wights
  4 hounds
  A gnoll bouda (D:8)
  2 orc priests (D:5)
  A sleepcap (D:5)
  3 jellies
  Jessica (D:3)
  An iguana (D:4)
  Ijyb (D:3)
  5 orc wizards
  10 adders
  5 gnolls
  5 dart slugs
  8 orcs
  An endoplasm (D:2)
  A giant cockroach (D:4)
  13 hobgoblins
  6 jackals
  6 quokkas
  8 ball pythons
  8 bats
  4 frilled lizards
  6 goblins
  20 kobolds
  7 rats
149 creatures vanquished.

Vanquished Creatures (collateral kills)
  A scorpion (D:6)
  A bullfrog (D:8)
  An iguana (D:7)
  An orc wizard (D:5)
  2 gnolls (D:8)
  A white imp (D:7)
  4 orcs
11 creatures vanquished.

Vanquished Creatures (others)
  A knight (D:7)
1 creature vanquished.

Grand Total: 161 creatures vanquished

Notes
Turn   | Place    | Note
-------+----------+-------------------------------------------
     0 | D:1      | Aneyh the Tengu Monk began the quest for the Orb.
     0 | D:1      | Reached XP level 1. HP: 14/14 MP: 2/2
    49 | D:1      | Reached XP level 2. HP: 14/19 MP: 3/3
   182 | D:1      | Reached XP level 3. HP: 23/23 MP: 4/4
   353 | D:1      | Reached skill level 5 in Polearms
   503 | D:2      | Reached XP level 4. HP: 15/28 MP: 5/5
   999 | D:3      | Noticed Jessica
  1002 | D:3      | Killed Jessica
  1003 | D:3      | Reached XP level 5. HP: 32/32 MP: 6/6
  1508 | D:3      | Found a radiant altar of Vehumet.
  1510 | D:3      | Noticed Ijyb
  1527 | D:3      | Killed Ijyb
  1748 | D:4      | Reached XP level 6. HP: 24/37 MP: 4/7
  2167 | D:4      | Reached skill level 4 in Fighting
  2441 | D:4      | Found a hide-covered altar of Uskayaw.
  2855 | D:5      | Entered Level 5 of the Dungeon
  2900 | D:5      | Reached skill level 5 in Fighting
  2948 | D:5      | Gained mutation: Your magical flight helps you evade
                  | attacks. (EV +4) [Tengu growth]
  2948 | D:5      | Reached XP level 7. HP: 42/44 MP: 6/8
  3028 | D:5      | Reached skill level 6 in Fighting
  3093 | D:5      | Found a staircase to the Ecumenical Temple.
  3102 | Temple   | Found a transporter.
  3102 | Temple   | Found a transporter.
  3102 | Temple   | Found a transporter.
  3102 | Temple   | Found a transporter.
  3102 | Temple   | Entered the Ecumenical Temple
  3122 | Temple   | Became a worshipper of Hepliaklqana the Forgotten
  3122 | Temple   | Reached * piety under Hepliaklqana
  3122 | Temple   | Reached ** piety under Hepliaklqana
  3123 | Temple   | Remembered your ancestor Arsinoe as a knight
  3196 | D:5      | Reached skill level 7 in Fighting
  3196 | D:5      | Noticed Grinder
  3206 | D:5      | Killed Grinder
  3207 | D:5      | Reached XP level 8. HP: 33/48 MP: 6/9
  3226 | D:5      | Reached skill level 8 in Fighting
  3334 | D:5      | Found a snail-covered altar of Cheibriados.
  3677 | D:5      | Identified the +6 long sword of the Living Dead {heavy,
                  | Str+5}
  3697 | D:5      | Reached skill level 1 in Armour
  3802 | D:5      | Found a basalt altar of Yredelemnul.
  4162 | D:6      | Reached skill level 1 in Long Blades
  4547 | D:6      | Reached XP level 9. HP: 54/54 MP: 10/10
  4799 | D:7      | Reached skill level 9 in Fighting
  4811 | D:6      | HP: 1/54 [poisoned by a water moccasin]
  4997 | D:7      | Reached *** piety under Hepliaklqana
  5068 | D:7      | Reached skill level 5 in Long Blades
  5531 | D:8      | Reached skill level 5 in Armour
  5554 | D:8      | Noticed Amaemon
  5560 | D:8      | Noticed an orange demon
  5563 | D:8      | Asphyxiated

Illustrated notes

Levels and vault maps discovered:
D:1:      lemuel_arrival_broad_hall, layout_rooms, minmay_tetromino_s4
D:2:      layout_rooms, minmay_cut_off
D:3:      layout_basic, mainiacjoe_overflow_surrounded_room, uniq_ijyb,
          uniq_jessica
D:4:      layout_loops_cross, mainiacjoe_overflow_small_starburst,
          serial_forest, infiniplex_forest_end_3, infiniplex_forest_lined_ring,
          infiniplex_forest_end_2, infiniplex_forest_split,
          infiniplex_forest_clump_C, infiniplex_forest_fountain,
          infiniplex_forest_end_2, infiniplex_forest_straight_1,
          infiniplex_forest_clump_small, infiniplex_forest_3_way
D:5:      layout_loops_ring, nicolae_overflow_hidden_temple,
          mainiacjoe_overflow_24_doors, minmay_temple_entry_waves, uniq_grinder
D:6:      layout_basic
D:7:      layout_cave_pools
D:8:      layout_rooms, xom_shifter_show, erik_lair_orcish_takeover,
          serial_park_tiny_1, minivault_25, minivault_26, uniq_amaemon,
          uniq_maurice
Temple:   hellmonk_temple_divided_pantheon

Skill      XL: |  1  2  3  4  5  6  7  8  9 |
---------------+----------------------------+-----
Polearms       | 4 5 6 7 |  7.0
Fighting       | 5 7 8 9 |  9.2
Armour         | 3 5 |  5.0
Long Blades    | 2 5 |  5.8
Dodging        | 4 |  4.2

Action                     |  1- 3 |  4- 6 |  7- 9 || total
---------------------------+-------+-------+-------++-------
  Melee: Spear             |    68 |   109 |    86 ||   263
         Kick              |    12 |    24 |    37 ||    73
         Peck              |     5 |    13 |    19 ||    37
         Punch             |       |     3 |     1 ||     4
         Long sword        |       |       |    59 ||    59
         Halberd           |       |       |     4 ||     4
 Invoke: Ancestor Life: Kn |       |       |     1 ||     1
    Use: Scroll            |       |       |     4 ||     4
         Potion            |       |       |     3 ||     3
   Stab: Sleeping          |     1 |     3 |       ||     4
 Armour: Robe              |     8 |       |       ||     8
         Leather armour    |     2 |    14 |       ||    16
         Scale mail        |       |     8 |    70 ||    78
  Dodge: Dodged            |    25 |    28 |   120 ||   173

Table legend: (Time is in decaauts)
 A = Elapsed time spent in this place.
 B = Non-inter-level travel time spent in this place.
 C = Inter-level travel time spent in this place.
 D = Time resting spent in this place.
 E = Time spent auto-exploring this place.
 F = Levels seen in this place.
 G = Mean time per level.
                   A        B        C        D        E       F      G
               +--------+--------+--------+--------+--------+-----+--------+
         Total |   5554 |   5412 |    142 |    904 |   3501 |   9 |  617.1 |
       Dungeon |   5516 |   5374 |    142 |    904 |   3501 |   8 |  689.5 |
        Temple |     37 |     37 |      0 |      0 |      0 |   1 |   37.0 |
               +--------+--------+--------+--------+--------+-----+--------+

Top non-repeatable levels by time:
     D:4: 1118 daAuts
     D:5: 1107 daAuts
     D:6: 943 daAuts
     D:3: 750 daAuts
     D:7: 581 daAuts
     D:1: 532 daAuts
     D:2: 423 daAuts
     D:8: 58 daAuts
  Temple: 37 daAuts
